 Dungeon Crawl Stone Soup version 0.30-a0-141-g30f27751c5 (webtiles) character file.

Game seed: 4215176699733868477

24974 qw the Cleaver (level 13, -4/83 HPs)
             Began as a Gargoyle Fighter on Sept 25, 2022.
             Was an Elder of Okawaru.
             Slain by a komodo dragon (8 damage)
             ... summoned by an orange crystal statue
             ... on level 3 of the Lair of Beasts.
             The game lasted 00:05:20 (10455 turns).

qw the Cleaver (Gargoyle Fighter)                  Turns: 10455, Time: 00:05:20

Health: -4/83      AC: 28    Str: 25    XL:     13   Next: 16%
Magic:  2/20       EV:  8    Int: -46 (9) God:    Okawaru [****..]
Gold:   411        SH:  5    Dex:  9    Spells: 12/12 levels left

rFire   + . .      SeeInvis +    Y - +3 broad axe (flame)
rCold   . . .      Faith    .    c - +0 buckler
rNeg    + . .      Spirit   .    f - +2 chain mail {rF+}
rPois   inf        Reflect  .    v - +1 hat {SInv}
rElec   +          Harm     .    (no cloak)
rCorr   .          Rampage  .    (no gloves)
Will    .....                    l - +2 pair of boots
Stlth   ..........               o - amulet of regeneration
HPRegen 1.03/turn                q - +2 ring of protection
MPRegen 0.17/turn                t - +2 ring of slaying {mikee}

@: slowed, lost intelligence, unable to read, very slow
A: sickness immunity, AC +9, negative energy resistance 1, electricity
resistance, torment resistance 1, petrification resistance
a: Renounce Religion, Heroism, Finesse


You were on level 3 of the Lair of Beasts.
You worshipped Okawaru.
Okawaru was greatly pleased with you.
You visited 3 branches of the dungeon, and saw 13 of its levels.
You also visited: Ossuary.

You collected 814 gold pieces.
You spent 403 gold pieces at shops.


Innate Abilities, Weirdness & Mutations

You are immune to sickness and miasma.
Your stone body is resilient. (AC +9)
You are immune to poison.
You resist negative energy. (rN+)
You are resistant to electric shocks. (rElec)
You are resistant to unholy torment.
You are immune to petrification.


   Skills:
 + Level 10.7 Fighting
 - Level 14.0 Axes
 - Level 3.0 Throwing
 - Level 7.0 Armour
 - Level 2.1 Dodging
 - Level 6.9 Shields
 - Level 10.0 Invocations


You had 12 spell levels left.
You didn't know any spells.
Your spell library was empty.

Inventory:

Hand Weapons
 Y - a +3 broad axe of flaming (weapon)
Missiles
 x - 4 silver boomerangs (quivered)
Armour
 c - a +0 buckler (worn)
 e - a +0 plate armour
 f - a +2 chain mail of fire resistance (worn)
 l - a +2 pair of boots (worn)
 m - the +3 chain mail "Ugulysh" {rCorr Int+3}
   (You found it on level 6 of the Dungeon)

   Int:       It affects your intelligence (+3).
   rCorr:     It protects you from acid and corrosion.
 s - the +1 pair of gloves "Gem Kuklubi" {Contam rC+ Int+3}
   (Okawaru gifted it to you on level 3 of the Lair of Beasts)

   Int:       It affects your intelligence (+3).
   rC:        It protects you from cold.
   Contam:    It causes magical contamination when unequipped.
 u - the +1 pair of boots of Epnuif {rElec rC- Int+3 Dex+6}
   (You found it on level 8 of the Dungeon)

   Int:       It affects your intelligence (+3).
   Dex:       It affects your dexterity (+6).
   rC:        It makes you vulnerable to cold.
   rElec:     It insulates you from electricity.
 v - a +1 hat of see invisible (worn)
Jewellery
 o - an amulet of regeneration (around neck)
 q - a +2 ring of protection (left hand)
 t - a +2 ring of slaying (right hand) {mikee}
Wands
 b - a wand of digging (11)
Scrolls
 g - 3 scrolls of identify
 n - 2 scrolls of teleportation
 y - a scroll of silence {unknown}
Potions
 d - a potion of might
 h - a potion of haste
 i - 3 potions of mutation
 j - a potion of attraction
 k - a potion of lignification
 p - a potion of magic
 r - a potion of resistance
 w - a potion of cancellation

Dungeon Overview and Level Annotations

Branches:
Dungeon (8/15)             Temple (1/1) D:7            Lair (4/5) D:8
  Swamp (0/4) Lair:3        Snake (0/4) Lair:3      Ossuary (visited)
  Slime: Lair:4-5

Altars:
Ashenzari
Cheibriados
Dithmenos
Elyvilon
Fedhas
Gozag
Hepliaklqana
Kikubaaqudgha
Makhleb
Okawaru
Qazlal
Ru
Sif Muna
Trog
Uskayaw
Vehumet
Wu Jian
Xom
Yredelemnul
Zin
The Shining One

Shops:
D:2 :   D:7 =

Annotations:
Lair:1 2 transporters, qw's ghost, novice GrFi


Message History

The elephant trunk-slaps you but does no damage.
The komodo dragon bites you.
The elephant tramples you but does no damage.
The elephant trunk-slaps you but does no damage.
The elephant tramples you but does no damage.
The elephant trunk-slaps you but does no damage.
The elephant closely misses you.
The elephant trunk-slaps you but does no damage.
The komodo dragon bites you but does no damage.
The elephant completely misses you.
The elephant trunk-slaps you but does no damage.
You completely miss the elephant.
The elephant is moderately wounded.
You slash the elephant! You burn the elephant. You slash the komodo dragon!
You burn the komodo dragon. You hit the elephant. You burn the elephant.
The orange crystal statue fixes its piercing gaze on you.
Something tries to feed on your intellect!
The elephant closely misses you.
The elephant trunk-slaps you but does no damage.
The elephant closely misses you. x2; The elephant tramples you.
You are shoved backwards!
The komodo dragon bites you.
You nearly stumble into some lava!
The elephant tramples you!
You are shoved backwards!
The komodo dragon hisses menacingly.
The elephant tramples you but does no damage.
The elephant barely misses you.
The komodo dragon bites you but does no damage.
10454 ||| DRINKING potion of heal wounds.
You feel much better.
The elephant tramples you but does no damage.
The elephant trunk-slaps you but does no damage.
The komodo dragon bites you!!
You barely miss the elephant.
The elephant is moderately wounded.
You slash the elephant! You burn the elephant.
You barely miss the komodo dragon.
You feel less confused. The elephant tramples you!
You hold your ground!
The elephant trunk-slaps you. The komodo dragon bites you!
You die...

.................P#.###.
........................
........................
..........#.............
.?......................
...................##.#.
.....¤¤..........#######.
##....¤.~~¤~Y........# ##
#.......~Y~¤@lY......# ###
##....¤¤~.Y¤~YY....[.# +..
#......~¤~8¤¤¤.......# ###
#P....~~>S¤¤¤........## ##
#..?..¤~¤Y~~¤¤........# #.
#.....¤~~~~...........#######
#....¤¤¤~...................
#.....).....................
#..................^........


You could see an orange crystal statue, 6 elephants and a komodo dragon
(summoned).

Vanquished Creatures
  Gastronok (D:8)
  2 hydras
  Erica (D:8)
  A death yak (Lair:1)
  2 lindwurms
  6 elephants (Lair:3)
  3 black mambas
  Joseph (D:7)
  6 cane toads
  Psyche (D:8)
  A torpor snail (Lair:1)
  5 komodo dragons
  15 blink frogs
  Sigmund (D:3)
  2 wyverns
  A wraith (D:6)
  23 yaks
  3 basilisks
  3 nagas (Lair:3)
  5 water moccasins
  3 black bears
  4 orc warriors
  A sky beast (D:8)
  6 ice beasts
  4 ogres
  15 wolves
  2 centaurs
  3 kobold brigands
  A gnoll sergeant (D:7)
  10 bullfrogs
  A necrophage (D:6)
  5 scorpions
  9 wights (D:8)
  7 electric eels
  4 lava snakes (Lair:3)
  2 hounds
  A jelly (D:7)
  3 orc priests
  Ijyb (D:3)
  9 orc wizards
  2 iguanas
  5 hell rats (Lair:1)
  8 mummies (Ossuary)
  3 gnolls (D:7)
  10 adders
  A shadow imp (D:6)
  2 ufetubi (D:4)
  A dart slug (D:4)
  30 orcs
  8 endoplasms
  7 giant cockroaches
  A gnoll zombie (Ossuary)
  8 hobgoblins
  3 jackals (D:3)
  A quokka (D:1)
  9 ball pythons
  4 bats
  3 frilled lizards
  11 goblins
  3 hobgoblin zombies (Ossuary)
  19 kobolds
  A kobold zombie (Ossuary)
  3 orc zombies (Ossuary)
  3 rats
320 creatures vanquished.

Vanquished Creatures (others)
  A kobold (D:8)
  39 fungi
  39 plants
79 creatures vanquished.

Grand Total: 399 creatures vanquished

Notes
Turn   | Place    | Note
-------+----------+-------------------------------------------
     0 | D:1      | qw the Gargoyle Fighter began the quest for the Orb.
     0 | D:1      | Reached XP level 1. HP: 14/14 MP: 1/1
     0 | D:1      | 0 ||| qw: Version: 0.2-a-10-g399e6c4
     0 | D:1      | 0 ||| qw: Game counter: 166
     0 | D:1      | 0 ||| qw: Always use a shield: true
     0 | D:1      | 0 ||| qw: God list: Okawaru
     0 | D:1      | 0 ||| qw: Allow faded altars: false
     0 | D:1      | 0 ||| qw: Do Orc after D:15 true
     0 | D:1      | 0 ||| qw: Do second Lair branch before Depths: true
     0 | D:1      | 0 ||| qw: Lair rune preference: random
     0 | D:1      | 0 ||| qw: Plans: Normal, Zot:1-4, God:TSO, Crypt, Tomb,
                  | Pan, Slime:5, Hells, Abyss, Orb
     0 | D:1      | 0 ||| PLANNING D:1-11
    39 | D:1      | Reached skill level 2 in Axes
   244 | D:1      | 244 ||| Stepping ~*~*~tactically~*~*~ (stealth).
   281 | D:1      | Reached XP level 2. HP: 19/19 MP: 2/2
   766 | D:1      | You fall into a shaft and drop 1 floor!
   811 | D:2      | 811 ||| DROPPING +0 club.
   819 | D:2      | 819 ||| Stepping ~*~*~tactically~*~*~ (stealth).
   826 | D:2      | 826 ||| Stepping ~*~*~tactically~*~*~ (stealth).
   833 | D:2      | Reached skill level 3 in Axes
   834 | D:2      | Reached XP level 3. HP: 12/23 MP: 3/3
  1086 | D:2      | Found a faded altar of an unknown god.
  1106 | D:2      | 1106 ||| Stepping ~*~*~tactically~*~*~ (stealth).
  1162 | D:2      | Found a shadowy altar of Dithmenos.
  1211 | D:2      | 1211 ||| Stepping ~*~*~tactically~*~*~ (stealth).
  1274 | D:2      | Found Rivazix's Book Shoppe.
  1282 | D:2      | 1282 ||| UPGRADING to amulet of regeneration.
  1287 | D:2      | 1287 ||| READING scroll labelled IFILLE IREH.
  1288 | D:2      | 1288 ||| READING 2 scrolls labelled SUNTUYKHLEO.
  1289 | D:2      | 1289 ||| READING 2 scrolls labelled ENATOT NOSHRE.
  1290 | D:2      | 1290 ||| READING scroll labelled FOGRAYN BAFROD.
  1291 | D:2      | 1291 ||| READING scroll labelled XAOMMO ZIURYICHU.
  1292 | D:2      | 1292 ||| READING 2 scrolls labelled VOAZXO ATUCKI.
  1293 | D:2      | 1293 ||| DRINKING 2 red potions.
  1294 | D:2      | 1294 ||| DROPPING potion of degeneration.
  1295 | D:2      | 1295 ||| DROPPING scroll of immolation.
  1296 | D:2      | 1296 ||| DROPPING scroll of amnesia.
  1531 | D:1      | 1531 ||| READING scroll labelled VORABLUCISK.
  1901 | D:2      | 1901 ||| UPGRADING to +0 chain mail.
  1911 | D:2      | 1911 ||| DROPPING +0 scale mail.
  1912 | D:2      | 1912 ||| UPGRADING to +2 chain mail of fire resistance.
  1922 | D:2      | 1922 ||| DROPPING +0 chain mail.
  1952 | D:3      | Reached XP level 4. HP: 28/28 MP: 4/4
  2082 | D:3      | Noticed Ijyb
  2083 | D:3      | 2083 ||| Stepping ~*~*~tactically~*~*~ (hiding).
  2084 | D:3      | 2084 ||| Stepping ~*~*~tactically~*~*~ (hiding).
  2085 | D:3      | 2085 ||| Stepping ~*~*~tactically~*~*~ (hiding).
  2097 | D:3      | Killed Ijyb
  2098 | D:3      | Reached skill level 4 in Axes
  2212 | D:3      | 2212 ||| Stepping ~*~*~tactically~*~*~ (stealth).
  2213 | D:3      | 2213 ||| Stepping ~*~*~tactically~*~*~ (stealth).
  2242 | D:3      | 2242 ||| Stepping ~*~*~tactically~*~*~ (stealth).
  2243 | D:3      | 2243 ||| Stepping ~*~*~tactically~*~*~ (stealth).
  2264 | D:3      | 2264 ||| DROPPING +0 mace.
  2270 | D:3      | 2270 ||| READING scroll of enchant weapon.
  2270 | D:3      | 2270 ||| ENCHANTING +1 war axe.
  2305 | D:3      | Noticed Sigmund
  2310 | D:3      | Killed Sigmund
  2311 | D:3      | Reached skill level 5 in Axes
  2311 | D:3      | Reached XP level 5. HP: 32/32 MP: 5/5
  2311 | D:3      | Reached XP level 6. HP: 37/37 MP: 6/6
  2601 | D:3      | 2601 ||| UPGRADING to +0 pair of boots.
  2606 | D:3      | 2606 ||| READING scroll labelled NORENWUDAU.
  2607 | D:3      | 2607 ||| DRINKING 2 fuming emerald potions.
  2708 | D:3      | 2708 ||| READING 2 scrolls of identify.
  2708 | D:3      | 2708 ||| IDENTIFYING inky potion
  2709 | D:3      | 2709 ||| DROPPING potion of ambrosia.
  2912 | D:4      | 2912 ||| Stepping ~*~*~tactically~*~*~ (hiding).
  2913 | D:4      | 2913 ||| Stepping ~*~*~tactically~*~*~ (hiding).
  2987 | D:4      | 2987 ||| Stepping ~*~*~tactically~*~*~ (stealth).
  3199 | D:4      | 3199 ||| READING scroll of enchant armour.
  3199 | D:4      | 3199 ||| ENCHANTING +0 pair of boots.
  3218 | D:4      | HP: 6/38 [ogre/+0 giant club (24)]
  3219 | D:4      | 3219 ||| DRINKING 2 potions of heal wounds.
  3223 | D:4      | Reached skill level 6 in Axes
  3223 | D:4      | Reached XP level 7. HP: 33/43 MP: 7/7
  3366 | D:4      | 3366 ||| READING scroll of enchant armour.
  3366 | D:4      | 3366 ||| ENCHANTING +1 pair of boots.
  3408 | D:4      | Found a stormy altar of Qazlal.
  3408 | D:4      | Found a shimmering blue altar of Sif Muna.
  3676 | D:5      | Entered Level 5 of the Dungeon
  3857 | D:5      | Reached skill level 1 in Dodging
  3885 | D:5      | 3885 ||| Stepping ~*~*~tactically~*~*~ (stealth).
  3899 | D:5      | 3899 ||| Stepping ~*~*~tactically~*~*~ (stealth).
  4302 | D:5      | Reached skill level 7 in Axes
  4308 | D:5      | 4308 ||| DRINKING 2 fizzy blue potions.
  4309 | D:5      | 4309 ||| READING 2 scrolls of identify.
  4309 | D:5      | 4309 ||| IDENTIFYING fizzy amethyst potion
  4348 | D:6      | 4348 ||| PLANNING OSSUARY
  4362 | D:6      | 4362 ||| Stepping ~*~*~tactically~*~*~ (stealth).
  4364 | D:6      | 4364 ||| Stepping ~*~*~tactically~*~*~ (hiding).
  4373 | D:6      | Reached XP level 8. HP: 42/50 MP: 8/8
  4417 | D:6      | Identified the +3 chain mail "Ugulysh" {rCorr Int+3}
  4436 | D:6      | 4436 ||| Stepping ~*~*~tactically~*~*~ (stealth).
  4438 | D:6      | 4438 ||| Stepping ~*~*~tactically~*~*~ (stealth).
  4440 | D:6      | 4440 ||| Stepping ~*~*~tactically~*~*~ (stealth).
  4443 | D:6      | 4443 ||| Stepping ~*~*~tactically~*~*~ (stealth).
  4456 | D:6      | Reached skill level 8 in Axes
  4535 | D:6      | Reached skill level 6 in Fighting
  4605 | D:6      | Found a sand-covered staircase.
  4606 | D:6      | 4606 ||| READING scroll labelled DEGOIPNADA.
  4618 | D:6      | 4618 ||| READING 2 scrolls of identify.
  4618 | D:6      | 4618 ||| IDENTIFYING sedimented silvery potion
  4619 | D:6      | 4619 ||| DROPPING potion of berserk rage.
  4670 | D:6      | 4670 ||| READING scroll of enchant weapon.
  4670 | D:6      | 4670 ||| ENCHANTING +2 war axe.
  4727 | D:6      | 4727 ||| READING scroll labelled YBBUAK MOA.
  4774 | Ossuary  | Entered an ossuary
  5008 | Ossuary  | 5008 ||| READING scroll labelled ONTYM VEFFUO.
  5008 | Ossuary  | Identified a scroll of acquirement
  5008 | Ossuary  | 5008 ||| ACQUIRING +2 broad axe of flaming
  5008 | Ossuary  | Acquired a +2 broad axe of flaming
  5010 | Ossuary  | 5010 ||| SWAPPING to +2 broad axe of flaming.
  5011 | Ossuary  | 5011 ||| DROPPING +0 flail.
  5012 | Ossuary  | 5012 ||| DROPPING +3 war axe.
  5013 | Ossuary  | 5013 ||| DRINKING 2 sapphire potions.
  5014 | Ossuary  | 5014 ||| READING 4 scrolls of identify.
  5014 | Ossuary  | 5014 ||| IDENTIFYING orange potion
  5015 | Ossuary  | 5015 ||| READING 3 scrolls of identify.
  5015 | Ossuary  | 5015 ||| IDENTIFYING puce potion
  5016 | Ossuary  | 5016 ||| READING 2 scrolls of identify.
  5016 | Ossuary  | 5016 ||| IDENTIFYING bubbling clear potion
  5017 | Ossuary  | 5017 ||| DROPPING potion of brilliance.
  5037 | D:6      | 5037 ||| PLANNING D:1-11
  5091 | D:6      | Noticed a wraith
  5092 | D:6      | 5092 ||| Stepping ~*~*~tactically~*~*~ (hiding).
  5094 | D:6      | 5094 ||| Stepping ~*~*~tactically~*~*~ (hiding).
  5108 | D:6      | Killed a wraith
  5109 | D:6      | Reached skill level 9 in Axes
  5109 | D:6      | Reached XP level 9. HP: 49/55 MP: 9/9
  5233 | D:6      | Found an ornate altar of the Wu Jian Council.
  5265 | D:6      | 5265 ||| Stepping ~*~*~tactically~*~*~ (hiding).
  5283 | D:6      | 5283 ||| Stepping ~*~*~tactically~*~*~ (stealth).
  5284 | D:6      | 5284 ||| Stepping ~*~*~tactically~*~*~ (stealth).
  5288 | D:6      | 5288 ||| DRINKING potion of curing.
  5288 | D:6      | 5288 ||| (to cure confusion)
  5414 | D:6      | 5414 ||| DROPPING +1 pair of boots.
  5432 | D:7      | 5432 ||| STAIRDANCE
  5484 | D:7      | 5484 ||| Stepping ~*~*~tactically~*~*~ (stealth).
  5486 | D:7      | 5486 ||| Stepping ~*~*~tactically~*~*~ (stealth).
  5489 | D:7      | 5489 ||| Stepping ~*~*~tactically~*~*~ (stealth).
  5496 | D:7      | 5496 ||| Stepping ~*~*~tactically~*~*~ (stealth).
  5515 | D:7      | HP: 14/56 [centaur/arrow (1)]
  5516 | D:7      | 5516 ||| DRINKING 3 potions of heal wounds.
  5717 | D:7      | Found a staircase to the Ecumenical Temple.
  5718 | D:7      | 5718 ||| PLANNING TEMPLE
  5732 | Temple   | Entered the Ecumenical Temple
  5812 | Temple   | 5812 ||| PLANNING OKAWARU WORSHIP
  5886 | Temple   | Became a worshipper of Warmaster Okawaru
  5887 | Temple   | 5887 ||| PLANNING D:1-11
  5964 | D:7      | Noticed Joseph
  5965 | D:7      | 5965 ||| Stepping ~*~*~tactically~*~*~ (hiding).
  5979 | D:7      | Killed Joseph
  6042 | D:7      | Reached skill level 10 in Axes
  6084 | D:7      | Found a sacrificial altar of Ru.
  6093 | D:7      | 6093 ||| Stepping ~*~*~tactically~*~*~ (stealth).
  6094 | D:7      | 6094 ||| Stepping ~*~*~tactically~*~*~ (stealth).
  6118 | D:7      | 6118 ||| Stepping ~*~*~tactically~*~*~ (stealth).
  6119 | D:7      | Reached * piety under Okawaru
  6141 | D:7      | Reached skill level 1 in Invocations
  6226 | D:7      | 6226 ||| Stepping ~*~*~tactically~*~*~ (stealth).
  6227 | D:7      | 6227 ||| Stepping ~*~*~tactically~*~*~ (stealth).
  6230 | D:7      | 6230 ||| INVOKING Heroism.
  6327 | D:7      | Found Ihoameh's One-of-a-Kind Rings.
  6334 | D:7      | 6334 ||| BUYING +2 ring of protection (130 gold).
  6334 | D:7      | Bought a +2 ring of protection for 130 gold pieces
  6334 | D:7      | 6334 ||| BUYING +2 ring of slaying (273 gold).
  6334 | D:7      | Bought a +2 ring of slaying for 273 gold pieces
  6334 | D:7      | 6334 ||| SHOPLISTING ring "Gullonai" {Ice rN+ MP+9} (716
                  | gold, have 168).
  6334 | D:7      | 6334 ||| SHOPLISTING ring "Mulosk" {Fire Will+ SInv Stlth-}
                  | (525 gold, have 168).
  6423 | D:7      | 6423 ||| UPGRADING to +2 ring of protection.
  6424 | D:7      | 6424 ||| UPGRADING to +2 ring of slaying {mikee}.
  6425 | D:7      | 6425 ||| READING 2 scrolls of identify.
  6425 | D:7      | 6425 ||| IDENTIFYING glowing inky potion
  6443 | D:8      | Identified the +1 pair of boots of Epnuif {rElec rC- Int+3
                  | Dex+6}
  6460 | D:8      | Reached XP level 10. HP: 64/64 MP: 11/11
  6468 | D:8      | 6468 ||| Stepping ~*~*~tactically~*~*~ (stealth).
  6485 | D:8      | Reached skill level 3 in Invocations
  6491 | D:8      | 6491 ||| INVOKING Heroism.
  6493 | D:8      | 6493 ||| Stepping ~*~*~tactically~*~*~ (stealth).
  6509 | D:8      | 6509 ||| Stepping ~*~*~tactically~*~*~ (hiding).
  6511 | D:8      | 6511 ||| INVOKING Heroism.
  6536 | D:8      | Reached ** piety under Okawaru
  6548 | D:8      | Found a staircase to the Lair.
  6598 | D:8      | 6598 ||| Stepping ~*~*~tactically~*~*~ (stealth).
  6606 | D:8      | 6606 ||| INVOKING Heroism.
  6609 | D:8      | 6609 ||| Stepping ~*~*~tactically~*~*~ (water).
  6621 | D:8      | Noticed Psyche
  6626 | D:8      | 6626 ||| Stepping ~*~*~tactically~*~*~ (stealth).
  6634 | D:8      | Noticed Erica
  6635 | D:8      | 6635 ||| INVOKING Heroism.
  6645 | D:8      | Killed Erica
  6646 | D:8      | Reached skill level 11 in Axes
  6654 | D:8      | Killed Psyche
  6783 | D:8      | Found a flagged portal.
  6803 | D:8      | Noticed Gastronok
  6804 | D:8      | 6804 ||| Stepping ~*~*~tactically~*~*~ (hiding).
  6805 | D:8      | 6805 ||| Stepping ~*~*~tactically~*~*~ (hiding).
  6809 | D:8      | 6809 ||| INVOKING Heroism.
  6821 | D:8      | Killed Gastronok
  6822 | D:8      | Reached XP level 11. HP: 72/72 MP: 12/14
  6872 | D:8      | Reached *** piety under Okawaru
  7120 | D:8      | 7120 ||| PLANNING LAIR
  7120 | D:8      | 7120 ||| UPGRADING to +1 hat of see invisible.
  7125 | D:8      | 7125 ||| READING 3 scrolls of identify.
  7125 | D:8      | 7125 ||| IDENTIFYING bubbling silvery potion
  7135 | Lair:1   | Entered Level 1 of the Lair of Beasts
  7136 | Lair:1   | 7136 ||| INVOKING Heroism.
  7146 | Lair:1   | Reached skill level 6 in Armour
  7173 | Lair:1   | 7173 ||| INVOKING Heroism.
  7244 | Lair:1   | 7244 ||| INVOKING Heroism.
  7279 | Lair:1   | 7279 ||| INVOKING Heroism.
  7303 | Lair:1   | Noticed qw's ghost (novice GrFi)
  7313 | Lair:1   | Found a transporter.
  7316 | Lair:1   | Found a transporter.
  7318 | Lair:1   | 7318 ||| INVOKING Heroism.
  7335 | Lair:1   | Noticed a death yak
  7337 | Lair:1   | 7337 ||| INVOKING Heroism.
  7346 | Lair:1   | Killed a death yak
  7381 | Lair:1   | 7381 ||| INVOKING Heroism.
  7397 | Lair:1   | Reached skill level 12 in Axes
  7407 | Lair:1   | 7407 ||| INVOKING Heroism.
  7412 | Lair:1   | Reached **** piety under Okawaru
  7517 | Lair:1   | Noticed a five-headed hydra
  7518 | Lair:1   | 7518 ||| INVOKING Heroism.
  7527 | Lair:1   | Killed a one-headed hydra
  7528 | Lair:1   | Reached skill level 6 in Shields
  7557 | Lair:1   | 7557 ||| Stepping ~*~*~tactically~*~*~ (stealth).
  7572 | Lair:1   | 7572 ||| INVOKING Heroism.
  7586 | Lair:1   | 7586 ||| Stepping ~*~*~tactically~*~*~ (stealth).
  7588 | Lair:1   | 7588 ||| Stepping ~*~*~tactically~*~*~ (stealth).
  7612 | Lair:1   | 7612 ||| READING scroll of enchant weapon.
  7612 | Lair:1   | 7612 ||| ENCHANTING +2 broad axe of flaming.
  7625 | Lair:1   | 7625 ||| INVOKING Heroism.
  7753 | Lair:1   | 7753 ||| INVOKING Heroism.
  7759 | Lair:1   | Reached skill level 6 in Invocations
  8006 | Lair:1   | 8006 ||| READING scroll labelled CIVUTHOBLA.
  8022 | Lair:2   | 8022 ||| INVOKING Heroism.
  8027 | Lair:2   | Reached ***** piety under Okawaru
  8036 | Lair:2   | Reached skill level 1 in Throwing
  8089 | Lair:2   | 8089 ||| Stepping ~*~*~tactically~*~*~ (stealth).
  8092 | Lair:2   | 8092 ||| INVOKING Heroism.
  8105 | Lair:2   | Reached XP level 12. HP: 72/77 MP: 14/17
  8124 | Lair:2   | Found a glowing silver altar of Zin.
  8326 | Lair:2   | You fall into a shaft and drop 2 floors!
  8330 | Lair:4   | 8330 ||| READING scroll labelled BUOWOTUU OPPI.
  8331 | Lair:4   | 8331 ||| READING 4 scrolls of identify.
  8331 | Lair:4   | 8331 ||| IDENTIFYING bubbling inky potion
  8338 | Lair:4   | Noticed a five-headed hydra
  8339 | Lair:4   | 8339 ||| Stepping ~*~*~tactically~*~*~ (stealth).
  8341 | Lair:4   | 8341 ||| INVOKING Heroism.
  8342 | Lair:4   | 8342 ||| Stepping ~*~*~tactically~*~*~ (stealth).
  8351 | Lair:4   | Killed a two-headed hydra
  8351 | Lair:4   | Received a gift from Okawaru
  8490 | Lair:2   | 8490 ||| Stepping ~*~*~tactically~*~*~ (hiding).
  8493 | Lair:2   | 8493 ||| INVOKING Heroism.
  8516 | Lair:2   | Received a gift from Okawaru
  8519 | Lair:2   | 8519 ||| Stepping ~*~*~tactically~*~*~ (stealth).
  8521 | Lair:2   | Reached skill level 13 in Axes
  8747 | Lair:2   | 8747 ||| Stepping ~*~*~tactically~*~*~ (stealth).
  8749 | Lair:2   | 8749 ||| Stepping ~*~*~tactically~*~*~ (stealth).
  8752 | Lair:2   | 8752 ||| INVOKING Heroism.
  8771 | Lair:2   | 8771 ||| Stepping ~*~*~tactically~*~*~ (stealth).
  8787 | Lair:2   | Reached skill level 3 in Throwing
  9066 | Lair:3   | 9066 ||| INVOKING Heroism.
  9069 | Lair:3   | Identified the +1 pair of gloves "Gem Kuklubi" {Contam rC+
                  | Int+3} (Okawaru gifted it to you on level 3 of the Lair of
                  | Beasts)
  9069 | Lair:3   | Received a gift from Okawaru
  9070 | Lair:3   | Reached skill level 9 in Invocations
  9127 | Lair:3   | 9127 ||| INVOKING Heroism.
  9244 | Lair:3   | 9244 ||| Stepping ~*~*~tactically~*~*~ (water).
  9252 | Lair:3   | Found a staircase to the Swamp.
  9291 | Lair:3   | 9291 ||| Stepping ~*~*~tactically~*~*~ (stealth).
  9292 | Lair:3   | 9292 ||| INVOKING Heroism.
  9301 | Lair:3   | Reached XP level 13. HP: 75/82 MP: 18/20
  9306 | Lair:3   | Reached skill level 14 in Axes
  9321 | Lair:3   | 9321 ||| Stepping ~*~*~tactically~*~*~ (hiding).
  9482 | Lair:3   | 9482 ||| Stepping ~*~*~tactically~*~*~ (stealth).
  9486 | Lair:3   | 9486 ||| Stepping ~*~*~tactically~*~*~ (stealth).
  9488 | Lair:3   | 9488 ||| INVOKING Heroism.
  9665 | Lair:3   | Found a staircase to the Snake Pit.
  9694 | Lair:3   | 9694 ||| INVOKING Heroism.
  9695 | Lair:3   | 9695 ||| INVOKING Finesse.
  9829 | Lair:3   | 9829 ||| INVOKING Heroism.
  9841 | Lair:3   | 9841 ||| INVOKING Heroism.
  9886 | Lair:3   | 9886 ||| INVOKING Heroism.
  9922 | Lair:3   | Lost intelligence.
  9986 | Lair:3   | 9986 ||| INVOKING Heroism.
 10015 | Lair:3   | 10015 ||| FLEEEEING.
 10112 | Lair:3   | 10112 ||| INVOKING Heroism.
 10144 | Lair:3   | 10144 ||| INVOKING Finesse.
 10154 | Lair:3   | 10154 ||| INVOKING Heroism.
 10250 | Lair:3   | 10250 ||| INVOKING Heroism.
 10279 | Lair:3   | 10279 ||| INVOKING Heroism.
 10355 | Lair:3   | 10355 ||| INVOKING Heroism.
 10391 | Lair:3   | 10391 ||| INVOKING Heroism.
 10436 | Lair:3   | 10436 ||| FLEEEEING.
 10437 | Lair:3   | 10437 ||| FLEEEEING.
 10448 | Lair:3   | HP: 18/83 [komodo dragon[an orange crystal statue] (17)]
 10449 | Lair:3   | 10449 ||| DRINKING 2 potions of heal wounds.
 10453 | Lair:3   | HP: 16/83 [elephant[an orange crystal statue] (8)]
 10454 | Lair:3   | 10454 ||| DRINKING potion of heal wounds.
 10455 | Lair:3   | HP: 6/83 [elephant[an orange crystal statue] (10)]
 10455 | Lair:3   | Slain by a komodo dragon

Levels and vault maps discovered:
D:1:      kennysheep_arrival_seaside, layout_basic, minivault_27,
          minmay_worlds_worst_comb
D:2:      layout_loops_cross, serial_shops, shop, ebering_ecumenical_altar_mist,
          basic_altar
D:3:      layout_loops_ring, st_stairs_4, kennysheep_generic_room_15, uniq_ijyb,
          uniq_sigmund
D:4:      layout_basic, nicolae_overflow_two_pavilions
D:5:      layout_loops_ring
D:6:      layout_rooms, pdpol_wu_jian_five_deadly_venoms,
          lightli_ossuary_entry_decrepit_ruins, kennysheep_small_spiral
D:7:      layout_loops_ring, nicolae_ru_awakened_eye, temple_green,
          nicolae_shop_unique_rings, hangedman_decor_peaks_small, uniq_joseph
D:8:      layout_basic, due_lair_maze_entry_diamond, enter_bailey_3, uniq_erica,
          uniq_gastronok, uniq_psyche
Temple:   minmay_crystal_spiral_temple
Lair:1:   layout_regular_city, gammafunk_ghost_hive,
          infiniplex_staircase_pool_2, grunt_megastairs_2
Lair:2:   statuecave_lemuel, layout_cave_pods, basic_altar, lemuel_fruit_tree
Lair:3:   pond_and_an_island_with_a_cottage, layout_regular_city,
          swamp_mist_pool, minmay_snake_entry_guardpost_small, disabler_island,
          uniq_rupert
Lair:4:   layout_roguey [special_room_mythical_zoo], minmay_slime_entry_pillars,
          serial_bayou, serial_bayou_pond_d, serial_bayou_lagoon_a,
          serial_bayou_shore_b, serial_bayou_pond_c, serial_bayou_lake_a,
          uniq_sonja, uniq_urug

Skill      XL: |  1  2  3  4  5  6  7  8  9 10 11 12 13 |
---------------+----------------------------------------+-----
Axes           | 2 3 5 6 7 9 10 11 12 13 14 | 14.0
Fighting       | 4 5 6 8 10 | 10.7
Dodging        | 1 2 |  2.1
Armour         | 4 5 6 7 |  7.0
Shields        | 4 5 6 |  6.9
Invocations    | 2 4 6 10 | 10.0
Throwing       | 2 3 |  3.0

Action                   |  1- 3 |  4- 6 |  7- 9 | 10-12 | 13-15 || total
-------------------------+-------+-------+-------+-------+-------++-------
Melee: War axe           |    88 |    77 |   169 |       |       ||   334
       Broad axe         |       |       |   128 |   356 |   216 ||   700
Throw: Boomerang         |       |       |       |    46 |     9 ||    55
Invok: Heroism           |       |       |     1 |    25 |    12 ||    38
       Finesse           |       |       |       |       |     2 ||     2
  Use: Scroll            |     7 |     4 |    11 |     5 |       ||    27
       Potion            |     1 |     2 |     4 |       |     2 ||     9
 Stab: Invisible         |       |       |       |     1 |       ||     1
Armor: Scale mail        |    34 |       |       |       |       ||    34
       Chain mail        |    12 |    30 |   193 |   175 |   256 ||   666
Dodge: Dodged            |    44 |    18 |    85 |   119 |   158 ||   424
Block: Buckler           |    10 |    13 |    45 |    83 |    46 ||   197

Table legend:
 A = Non-vault XP
 B = Vault XP
 C = Vault XP percentage of total XP
 D = Non-vault monster count
 E = Vault monster count
 F = Vault count percentage of total count
                 A         B        C        D         E       F
            +---------+---------+-------+---------+---------+-------
      Total |   30100 |    5578 |  15.6 |     267 |      53 |  16.6
            +---------+---------+-------+---------+---------+-------
        D:1 |      16 |      10 |  38.5 |      12 |       5 |  29.4
        D:2 |      36 |       0 |   0.0 |      15 |       0 |   0.0
        D:3 |      55 |     284 |  83.8 |      19 |       6 |  24.0
        D:4 |     251 |       0 |   0.0 |      20 |       0 |   0.0
        D:5 |     366 |       0 |   0.0 |      12 |       0 |   0.0
        D:6 |    1478 |       0 |   0.0 |      26 |       0 |   0.0
        D:7 |    1519 |     439 |  22.4 |      32 |       1 |   3.0
        D:8 |    1325 |    3806 |  74.2 |      28 |      17 |  37.8
     Lair:1 |    6621 |     201 |   2.9 |      29 |       1 |   3.3
     Lair:2 |    6514 |       0 |   0.0 |      30 |       0 |   0.0
     Lair:3 |   10708 |     685 |   6.0 |      42 |       7 |  14.3
     Lair:4 |    1211 |       0 |   0.0 |       2 |       0 |   0.0
    Ossuary |       0 |     153 | 100.0 |       0 |      16 | 100.0
            +---------+---------+-------+---------+---------+-------
